 Dungeon Crawl Stone Soup version 0.27-a0-931-g5a74e75d8f (webtiles) character file.

Game seed: 5178144176586476910

8 Alarkh the Insei (level 2, 19/22 HPs)
             Began as a Demonspawn Gladiator on Apr 10, 2021.
             Got out of the dungeon alive.
             The game lasted 00:00:31 (1029 turns).

Alarkh the Insei (Demonspawn Gladiator)             Turns: 1029, Time: 00:00:31

Health: 19/22      AC:  4    Str: 14    XL:     2   Next: 0%
Magic:  2/2        EV: 12    Int:  9    God:
Gold:   13         SH:  0    Dex: 14    Spells: 1/1 levels left

rFire    . . .     SeeInvis .     - Unarmed
rCold    . . .     Faith    .   (no shield)
rNeg     . . .     Spirit   .   a - +0 leather armour
rPois    .         Reflect  .   b - +0 helmet
rElec    .         Harm     .   (no cloak)
rCorr    .         Rampage  .   (no gloves)
Will     .....                  (no boots)
Stlth    +.........             (no amulet)
HPRegen  0.07/turn              (no ring)
MPRegen  0.08/turn              (no ring)

@: no status effects
A: hooves 1
a: no special abilities


You escaped.
You visited 1 branch of the dungeon, and saw 2 of its levels.

You collected 13 gold pieces.

Inventory:

Missiles
 c - 3 throwing nets (quivered)
Armour
 a - a +0 leather armour (worn)
 b - a +0 helmet (worn)
Scrolls
 d - a scroll of noise {unknown}
Potions
 e - a potion of cancellation {unknown}


   Skills:
 + Level 2.2 Fighting
 - Level 1.7 Throwing
 - Level 2.6 Dodging
 * Level 3.1 Unarmed Combat


You had one spell level left.
You didn't know any spells.
Your spell library was empty.

Dungeon Overview and Level Annotations

Branches:
Dungeon (2/15)

Altars:

Shops:
D:2 =


Innate Abilities, Weirdness & Mutations

You have large cloven feet.


Message History

The goblin hits you but does no damage.
You hit the goblin.
The goblin is moderately wounded.
The bat hits you but does no damage. The goblin hits you with a +0 dagger.
The bat hits you but does no damage.
You closely miss the goblin.
The goblin is moderately wounded.
The bat closely misses you. The goblin closely misses you.
The goblin hits you but does no damage.
You hit the goblin.
You kill the goblin!
The bat closely misses you. The goblin closely misses you.
You hit the bat.
You kill the bat!
The goblin misses you.
You miss the goblin. The goblin hits you with a +0 club.
You hit the goblin.
The goblin is severely wounded.
The goblin drinks a potion.
The goblin is healed!
You hit the goblin.
You kill the goblin!
You have reached level 2!
Your demonic ancestry asserts itself...
Your feet thicken and deform.
Found a scroll labelled HIJERUGO REAM.
Things that are here:
a +0 dagger; a goblin corpse
Things that are here:
a +0 club; a goblin corpse
(D) Dungeon
Where to? (Enter - D:2, ? - help)
e - an inky potion
There is an entrance to Peozeini's Jewellery Shoppe here.
There is a stone staircase leading up here.
You climb upwards.
There is a stone staircase leading down here.
Unknown command.
There is a staircase leading out of the dungeon here.
Are you sure you want to leave the Dungeon?
This will make you lose the game!
You have escaped!

#...##..♣♣P>P♣♣..##.........
##.####..♣♣.♣♣..###.#######.
#.# ♣.........♣ #.# #. #.#
♣.♣.≈≈≈.♣.♣ #.# #.
#.###♣..≈≈8≈≈..♣ #(# #.
#...#♣.♣.≈≈≈.♣.♣##.########
#...#♣.........♣#.......#
#.#.##..♣♣.♣♣..##.#####.#
#.#.#..♣♣P@P♣♣..#.# #.#
#.#.##..#####..##.# #.#
#.#.'...≈≈≈≈≈...'.# #.#
#.#.############### #.#
#....## #.# #.....# #.#
##....# #.# # ##.#.# #.# #
#.#.# #.# #


There were no monsters in sight!

Vanquished Creatures
  2 goblins (D:2)
  2 quokkas (D:1)
  3 bats
  A frilled lizard (D:1)
8 creatures vanquished.

Notes
Turn   | Place    | Note
-------+----------+-------------------------------------------
     0 | D:1      | Alarkh the Demonspawn Gladiator began the quest for the
                  | Orb.
     0 | D:1      | Reached XP level 1. HP: 16/16 MP: 1/1
   570 | D:1      | Reached skill level 3 in Unarmed Combat
   958 | D:2      | Found Peozeini's Jewellery Shoppe.
   991 | D:2      | Gained mutation: You have large cloven feet. [demonic
                  | ancestry]
   991 | D:2      | Reached XP level 2. HP: 17/22 MP: 2/2
  1029 | D:$      | Got out of the dungeon alive.

Illustrated notes

Levels and vault maps discovered:
D:1:      tarquinn_simple_flora_water_b, layout_loops_ring
D:2:      layout_basic, serial_shops, shop, nicolae_shop_stone,
          ebering_ecumenical_altar_rust, minmay_tromino_v4_b

Skill      XL: |  1 |
---------------+----+-----
Unarmed Combat | 3 |  3.1
Fighting       | |  2.2
Throwing       | |  1.7
Dodging        | |  2.6

Action                   || total
-------------------------++-------
Melee: Unarmed           ||    58
       Punch             ||     1
 Stab: Sleeping          ||     1
Armor: Leather armour    ||    26
Dodge: Dodged            ||    64

Table legend: (Time is in decaauts)
 A = Elapsed time spent in this place.
 B = Non-inter-level travel time spent in this place.
 C = Inter-level travel time spent in this place.
 D = Time resting spent in this place.
 E = Time spent auto-exploring this place.
 F = Levels seen in this place.
 G = Mean time per level.
                   A        B        C        D        E       F      G
               +--------+--------+--------+--------+--------+-----+--------+
         Total |   1026 |    964 |     62 |    196 |    678 |   2 |  513.0 |
       Dungeon |   1026 |    964 |     62 |    196 |    678 |   2 |  513.0 |
               +--------+--------+--------+--------+--------+-----+--------+

Top non-repeatable levels by time:
     D:1: 968 daAuts
     D:2: 58 daAuts
